 Dungeon Crawl Stone Soup version 0.32-a0-136-gc02482bde3 (webtiles) character file.

Game seed: 18426824896955603308

25909 BubbleThief the Severer (level 13, -7/130 HPs)
             Began as a Hill Orc Fighter on Feb 10, 2024.
             Was a Priest of Fedhas.
             Mangled by a death yak (20 damage)
             ... led by a torpor snail
             ... on level 2 of the Lair of Beasts.
             The game lasted 00:18:50 (12233 turns).

BubbleThief the Severer (Hill Orc Fighter)         Turns: 12233, Time: 00:18:51

Health: -7/130     AC: 11    Str: 24    XL:     13   Next: 22%
Magic:  18/20      EV:  9    Int:  8    God:    Fedhas [***...]
Gold:   633        SH:  5    Dex: 10    Spells: 12/12 levels left

rFire   + . .        a - +0 war axe
rCold   + . .        c - +0 buckler
rNeg    . . .        M - +1 scale mail {rC+}
rPois   +            s - +0 helmet
rElec   .            (no cloak)
rCorr   .            (no gloves)
SInv    .            g - +0 pair of boots
Will    .....        (no amulet) Stlth
                     e - ring of protection from fire
HPRegen 0.41/turn    j - ring of poison resistance
MPRegen 0.17/turn

%: no passive effects
@: no status effects
A: no striking features
a: Renounce Religion, Wall of Briars, Grow Ballistomycete


You were on level 2 of the Lair of Beasts.
You worshipped Fedhas.
Fedhas was most pleased with you.
You visited 2 branches of the dungeon, and saw 12 of its levels.
You also visited: Bailey.

You collected 633 gold pieces.

Inventory:

Hand Weapons
 a - a +0 war axe (weapon)
 D - a +3 triple crossbow of draining
 F - a +5 triple crossbow of electrocution
Missiles
 w - 2 throwing nets (quivered)
 B - a curare-tipped dart
Armour
 c - a +0 buckler (worn)
 g - a +0 pair of boots (worn)
 s - a +0 helmet (worn)
 M - a +1 scale mail of cold resistance (worn)
Jewellery
 e - a ring of protection from fire (left hand)
 j - a ring of poison resistance (right hand)
 p - a ring of positive energy
Wands
 r - a wand of charming (7)
 A - a wand of polymorph (10)
 G - a wand of iceblast (7)
 L - a wand of flame (42)
 N - a wand of acid (6)
Scrolls
 b - a scroll of butterflies
 h - a scroll of identify
 k - 2 scrolls of blinking
 l - 4 scrolls of teleportation
 o - 3 scrolls of vulnerability
 q - a scroll of fear
 u - 2 scrolls of amnesia {unknown}
 x - 2 scrolls of immolation {unknown}
 y - a scroll of torment {unknown}
 C - 4 scrolls of noise {unknown}
 H - 4 scrolls of enchant weapon {unknown}
 I - 2 scrolls of revelation
 J - a scroll of enchant armour {unknown}
 O - a scroll of poison {unknown}
Potions
 d - 3 potions of might
 f - 2 potions of lignification
 i - 2 potions of cancellation
 m - 3 potions of brilliance
 n - a potion of resistance
 t - a potion of curing
 v - 2 potions of mutation
 z - 2 potions of attraction {unknown}
 K - a potion of invisibility


   Skills:
 + Level 16.7 Fighting
 - Level 17.0 Axes
 + Level 5.9 Armour
 + Level 5.9 Shields
 - Level 9.5 Invocations


You had 12 spell levels left.
You didn't know any spells.
Your spell library contained the following spells:

 Spells                   Type           Power      Damage    Failure   Level
 Slow                     Hex            0%         N/A       75%         1
 Summon Small Mammal      Summ           0%         N/A       75%         1
 Scorch                   Fire           0%         2d5       87%         2
 Call Canine Familiar     Summ           0%         N/A       98%         3
 Confusing Touch          Hex            0%         N/A       98%         3
 Dazzling Flash           Conj/Hex       0%         N/A       98%         3
 Hailstorm                Conj/Ice       0%         3d5       98%         3
 Sigil of Binding         Hex            0%         N/A       98%         3
 Summon Ice Beast         Ice/Summ       0%         N/A       98%         3
 Vampiric Draining        Necr           0%         2d6       98%         3
 Volatile Blastmotes      Fire/Tloc      0%         2d10      98%         3
 Cause Fear               Hex            0%         N/A       100%        4
 Dimensional Bullseye     Hex/Tloc       0%         N/A       100%        4
 Flame Wave               Conj/Fire      0%         2d4       100%        4
 Summon Blazeheart Golem  Fire/Summ      0%         N/A       100%        4
 Vhi's Electric Charge    Tloc/Air       0%         N/A       100%        4
 Arcjolt                  Conj/Air       0%         1d10      100%        5
 Fireball                 Conj/Fire      0%         3d3       100%        5
 Plasma Beam              Fire/Air       0%         2x1d10    100%        6
 Sculpt Simulacrum        Ice/Alch       0%         N/A       100%        6
 Starburst                Conj/Fire      0%         6d3       100%        6
 Summon Cactus Giant      Summ           0%         N/A       100%        6
 Maxwell's Capacitive Co  Air            0%         ∞         100%        8
 Dragon's Call            Summ           0%         N/A       100%        9


Dungeon Overview and Level Annotations

Branches:
Dungeon (10/15)            Temple (0/1) D:4            Lair (2/5) D:8
 Shoals (0/4) Lair:2       Bailey (visited)
  Snake: Lair:2-3    Spider: Lair:2-3       Orc: D:9-12

Altars:
Ashenzari
Cheibriados
Fedhas
Makhleb
Nemelex Xobeh
Okawaru
Ru
Sif Muna
Trog
Uskayaw
Xom

Shops:
D:8 =


Message History

You hit the death yak.
The death yak is moderately wounded.
You hit the torpor snail.
You kill the torpor snail!
Fedhas appreciates your contribution to the ecosystem.
You barely miss the bullfrog.
You feel yourself speed up.
Your ballistomycete spore is no longer moving slowly. x2
The bullfrog hits you but does no damage.
Your ballistomycete spore explodes!
The death yak appears confused.
The explosion of spores engulfs the death yak!!
The death yak is severely wounded.
Fedhas protects your plant from harm. The death yak closely misses you.
The bullfrog hits you but does no damage.
You hear a croak.
Unknown command.
Unknown command.
The bullfrog hits you!
* * * LOW HITPOINT WARNING * * *
Your ballistomycete spore explodes!
Fedhas protects your plant from harm.
The bullfrog appears confused.
The explosion of spores engulfs the bullfrog!!
The bullfrog is almost dead.
The death yak appears confused.
The explosion of spores engulfs the death yak!
The death yak is almost dead.
The bullfrog hits the death yak.
Unknown command.
You hit the death yak.
The death yak is almost dead.
You slash the bullfrog!
You kill the bullfrog!
Fedhas appreciates your contribution to the ecosystem.
You can now grow a ballistomycete.
The death yak gores you!!
You die...
Fedhas appreciates your contribution to the ecosystem.

..###.........
#..#..........
#.............
#.#..........
###............
#..............
##...P..........
#......Y@.......
...>...#..###....
......##..# #
...#####.## ..
#...#### #
#..#.#P##.
##..).....
##.......#
#........#


You could see a death yak (confused, ally target) and a friendly ballistomycete
(summoned).

Vanquished Creatures
  A hydra (Lair:1)
  An arcanist (D:10)
  A black mamba (Lair:1)
  6 elephants (Lair:2)
  2 torpor snails
  4 cane toads
  A rime drake (Lair:2)
  A komodo dragon (Lair:1)
  A polar bear (Lair:1)
  4 dream sheep (Lair:1)
  7 blink frogs (Lair:1)
  A shadow (D:9)
  2 wyverns
  15 yaks
  A steam dragon (D:6)
  An acid dragon (D:8)
  5 water moccasins
  2 ice beasts
  4 black bears
  An ogre (D:6)
  3 sky beasts
  9 orc warriors
  3 phantoms
  3 centaurs
  3 kobold brigands
  3 bullfrogs
  A gnoll sergeant (D:7)
  2 scorpions
  3 wights (D:6)
  7 killer bees
  6 howler monkeys
  4 gnoll boudas
  A jelly (D:8)
  4 orc priests
  2 bombardier beetles
  A hound (D:5)
  2 iguanas
  3 orc wizards
  Robin (D:3)
  7 adders
  23 gnolls
  5 white imps
  4 ribbon worms
  25 orcs
  6 ball pythons
  5 bats
  6 endoplasms
  3 giant cockroaches (D:2)
  8 hobgoblins
  23 kobolds
  5 quokkas
  2 frilled lizards (D:1)
  21 goblins
  5 rats
270 creatures vanquished.

Vanquished Creatures (collateral kills)
  An orc knight (Bailey)
  6 blink frogs (Lair:1)
  19 ballistomycete spores
26 creatures vanquished.

Vanquished Creatures (others)
  An iguana (D:4)
  An orc wizard (D:10)
  A gnoll (D:4)
  A dart slug (D:4)
  A goblin (D:4)
  A hobgoblin (D:4)
  A quokka (D:4)
  2 ballistomycete spores
9 creatures vanquished.

Grand Total: 305 creatures vanquished

Notes
Turn   | Place    | Note
-------+----------+-------------------------------------------
     0 | D:1      | BubbleThief the Hill Orc Fighter began the quest for the
                  | Orb.
     0 | D:1      | Reached XP level 1. HP: 19/19 MP: 1/1
   105 | D:1      | Reached skill level 3 in Axes
   240 | D:1      | Reached XP level 2. HP: 27/27 MP: 2/2
   682 | D:2      | Reached skill level 4 in Axes
   692 | D:2      | Reached XP level 3. HP: 33/33 MP: 3/3
  1622 | D:3      | Reached XP level 4. HP: 31/41 MP: 4/4
  1681 | D:3      | Found a blossoming altar of Fedhas.
  1686 | D:3      | Became a worshipper of Fedhas Madash
  1731 | D:3      | Reached skill level 5 in Axes
  1834 | D:3      | Noticed Robin
  1853 | D:3      | Reached XP level 5. HP: 24/47 MP: 5/5
  1861 | D:3      | Killed Robin
  1875 | D:3      | Reached skill level 5 in Fighting
  1876 | D:3      | Reached skill level 6 in Axes
  1900 | D:3      | Reached * piety under Fedhas
  1998 | D:3      | Found a hide-covered altar of Uskayaw.
  2203 | D:3      | Found a sacrificial altar of Ru.
  2632 | D:4      | Found a broken altar of Ashenzari.
  2728 | D:4      | Reached XP level 6. HP: 48/56 MP: 6/6
  2819 | D:4      | Reached skill level 7 in Axes
  2879 | D:4      | Found a staircase to the Ecumenical Temple.
  2884 | D:4      | Noticed a black bear
  2894 | D:4      | Killed a black bear
  3058 | D:4      | Found a shimmering altar of Xom.
  3058 | D:4      | Found a bloodstained altar of Trog.
  3066 | D:4      | Found a sparkling altar of Nemelex Xobeh.
  3072 | D:4      | Found a shimmering blue altar of Sif Muna.
  3303 | D:4      | Reached skill level 8 in Axes
  3303 | D:4      | Reached XP level 7. HP: 34/63 MP: 7/7
  3480 | D:5      | Entered Level 5 of the Dungeon
  3666 | D:5      | Reached ** piety under Fedhas
  3667 | D:5      | Reached skill level 9 in Axes
  4080 | D:5      | Reached XP level 8. HP: 46/73 MP: 8/8
  4609 | D:6      | Reached skill level 10 in Axes
  4711 | D:6      | Reached skill level 11 in Axes
  4800 | D:6      | Reached skill level 12 in Axes
  4800 | D:6      | Reached XP level 9. HP: 57/82 MP: 9/9
  4945 | D:6      | Identified the +0 ring mail of Disguise {rC- Regen+ Int+3
                  | Dex+3}
  4988 | D:6      | Reached *** piety under Fedhas
  5549 | D:7      | Reached skill level 13 in Axes
  5778 | D:7      | Found a flagged portal.
  5811 | Bailey   | Entered a bailey
  5993 | Bailey   | Reached skill level 1 in Invocations
  6023 | Bailey   | Reached **** piety under Fedhas
  6144 | Bailey   | Reached skill level 14 in Axes
  6275 | Bailey   | Reached skill level 10 in Fighting
  6582 | Bailey   | Found a roughly hewn altar of Beogh.
  6582 | Bailey   | Noticed an orc knight
  6591 | Bailey   | Killed an orc knight
  6592 | Bailey   | Reached XP level 10. HP: 53/93 MP: 3/12
  7466 | D:7      | Found a burning altar of Makhleb.
  7630 | D:8      | You fall into a shaft and drop 1 floor!
  7662 | D:8      | Reached skill level 15 in Axes
  7732 | D:8      | Found a snail-covered altar of Cheibriados.
  7995 | D:8      | Found Reoqau's Jewellery Boutique.
  8056 | D:8      | Reached skill level 5 in Invocations
  8198 | D:8      | Found a staircase to the Lair.
  8627 | D:9      | Found an iron altar of Okawaru.
  9504 | D:10     | Entered Level 10 of the Dungeon
  9538 | D:10     | Reached skill level 16 in Axes
  9777 | D:10     | Noticed an arcanist
  9784 | D:10     | Reached XP level 11. HP: 89/102 MP: 15/15
  9792 | D:10     | Killed an arcanist
  9855 | D:10     | Noticed a yaktaur captain
 10009 | D:10     | Noticed a boulder beetle
 10073 | Lair:1   | Entered Level 1 of the Lair of Beasts
 10349 | Lair:1   | Reached skill level 17 in Axes
 11294 | Lair:1   | HP: 4/105 [blink frog (2)]
 11297 | Lair:1   | Reached skill level 15 in Fighting
 11297 | Lair:1   | Reached XP level 12. HP: 25/122 MP: 6/19
 11300 | Lair:1   | HP: 3/122 [blink frog (8)]
 11642 | Lair:1   | Noticed an eight-headed hydra
 11649 | Lair:1   | Killed an eight-headed hydra
 11650 | Lair:1   | Reached XP level 13. HP: 110/130 MP: 12/20
 11845 | Lair:2   | Reached skill level 5 in Armour
 11845 | Lair:2   | Reached skill level 5 in Shields
 12171 | Lair:2   | Found a staircase to the Shoals.
 12233 | Lair:2   | Mangled by a death yak

Illustrated notes

Levels and vault maps discovered:
D:1:      dpeg_arrival_renting, layout_basic
D:2:      layout_loops_corners
D:3:      layout_basic, fedhas_altar_3, nicolae_ru_sacrificial_ziggurat,
          general_overflow_altar, uniq_robin
D:4:      layout_basic, cheibrodos_ashenzari_chains,
          nicolae_overflow_macrodata_refinement, minmay_temple_entry_glass,
          serial_library_hellmonk_big_corner
D:5:      layout_loops_ring, roderic_serpentine_path
D:6:      layout_rooms, grunt_decor_one_mirror, minivault_25
D:7:      layout_cave_pools, mainiacjoe_overflow_brackets, enter_bailey_3,
          serial_bayou_pond_e
D:8:      layout_rooms, lemuel_doored_altar, lair_entry_dummy, serial_shops,
          shop, hangedman_decor_peaks_small, minivault_1
D:9:      layout_irregular_city, okawaru_ov_weapons_minmay
D:10:     nzn_winding_woodlands_three_and_one
          [nzn_winding_woodlands_5x15_river_crossing,
          nzn_winding_woodlands_5x15_zeroes,
          nzn_winding_woodlands_5x15_concentric,
          nzn_winding_woodlands_center_pierced_h], layout_loops_corners,
          nicolae_dithmenos_the_darkroom,
          chequers_temple_overflow_statue_of_worship, orc_0_dummy
Lair:1:   layout_chaotic_city, hibernation_bobbens, serial_bayou_shore_b
Lair:2:   layout_cave_pods, elwin_shoals_entry_rocks,
          spider_nest_entry_funnel_web, nicolae_quartered_pool_super,
          beast_lair_carwin_3

Skill      XL: |  1  2  3  4  5  6  7  8  9 10 11 12 13 |
---------------+----------------------------------------+-----
Axes           | 3 4 5 6 8 9 12 14 16 17 | 17.0
Fighting       | 4 5 6 7 8 10 11 15 16 | 16.7
Invocations    | 3 6 9 |  9.5
Armour         | 4 5 |  5.9
Shields        | 4 5 |  5.9

Action                     |  1- 3 |  4- 6 |  7- 9 | 10-12 | 13-15 || total
---------------------------+-------+-------+-------+-------+-------++-------
  Melee: War axe           |   136 |   146 |   291 |   333 |    57 ||   963
 Invoke: Overgrow          |       |       |     1 |     2 |       ||     3
         Grow Ballistomyce |       |       |       |     4 |     4 ||     8
  Evoke: Wand              |       |       |       |     4 |       ||     4
    Use: Scroll            |       |       |    11 |     4 |       ||    15
         Potion            |       |       |       |     5 |       ||     5
   Stab: Confused          |       |       |       |     1 |       ||     1
 Armour: Scale mail        |    78 |   103 |   218 |   262 |    55 ||   716
  Dodge: Dodged            |    66 |    84 |   131 |   130 |    32 ||   443
  Block: Buckler           |    28 |    23 |    58 |    61 |     7 ||   177

Table legend: (Time is in decaauts)
 A = Elapsed time spent in this place.
 B = Non-inter-level travel time spent in this place.
 C = Inter-level travel time spent in this place.
 D = Time resting spent in this place.
 E = Time spent auto-exploring this place.
 F = Levels seen in this place.
 G = Mean time per level.
                   A        B        C        D        E       F      G
               +--------+--------+--------+--------+--------+-----+--------+
         Total |  12210 |  11823 |    387 |    829 |   8933 |  13 |  939.2 |
       Dungeon |   9240 |   8870 |    370 |    214 |   7081 |  10 |  924.0 |
          Lair |   2133 |   2117 |     16 |    111 |   1708 |   2 | 1066.5 |
        Bailey |    836 |    836 |      0 |    504 |    144 |   1 |  836.0 |
               +--------+--------+--------+--------+--------+-----+--------+

Top non-repeatable levels by time:
  Lair:1: 1716 daAuts
     D:5: 1124 daAuts
     D:3: 1116 daAuts
     D:6: 1081 daAuts
     D:7: 1078 daAuts
     D:9: 1057 daAuts
     D:2: 1025 daAuts
     D:4: 861 daAuts
  Bailey: 836 daAuts
     D:8: 831 daAuts
     D:1: 552 daAuts
    D:10: 511 daAuts
  Lair:2: 417 daAuts
